 Dungeon Crawl Stone Soup version 0.31.0-32-g396128a36d (webtiles) character file.

Game seed: 18357561354559909353

3158 PaiMei the Reanimator (level 9, -6/69 HPs)
             Began as a Demonspawn Necromancer on Apr 18, 2024.
             Mangled by a freezing wraith (10 damage)
             ... on level 7 of the Dungeon.
             The game lasted 00:15:21 (10956 turns).

PaiMei the Reanimator (Demonspawn Necromancer)     Turns: 10956, Time: 00:15:21

Health: -6/69      AC:  8    Str:  9    XL:     9   Next: 62%
Magic:  18/18      EV: 13    Int: 26    God:
Gold:   360        SH:  0    Dex: 13    Spells: 4/21 levels left

rFire   + . .        M - +2 quarterstaff (spect)
rCold   . . .        (shield currently unavailable)
rNeg    + . .        p - +4 leather armour of Tav Ari {rF+ rN+}
rPois   .            (helmet restricted)
rElec   .            H - +0 cloak
rCorr   .            (no gloves)
SInv    .            (no boots)
Will    .....        (no amulet)
Stlth   ++           k - +6 ring of intelligence
HPRegen 0.31/turn    (no ring)
MPRegen 0.16/turn

%: no passive effects
@: hasted and slowed
A: horns 2, powered by death 1
a: no special abilities


You were on level 7 of the Dungeon.
You visited 2 branches of the dungeon, and saw 8 of its levels.
You also visited: Ossuary.

You collected 360 gold pieces.

Inventory:

Hand Weapons
 f - a +0 spear
 C - a +1 flail of draining
 E - a +6 vampiric spear
 L - a +2 rapier of protection
 M - a +2 spectral quarterstaff (weapon)
 N - a +3 flail of pain
Missiles
 l - 21 poisoned darts
 y - 6 atropa-tipped darts (quivered)
Armour
 p - the +4 leather armour of Tav Ari (worn) {rF+ rN+}
   (You found it on level 4 of the Dungeon)

   rF+:       It protects you from fire.
   rN+:       It protects you from negative energy.
 A - the +8 chain mail "Jaokaoc" {rElec Dex+3}
   (You found it on level 4 of the Dungeon)

   Dex+3:     It affects your dexterity (+3).
   rElec:     It insulates you from electricity.
 H - a +0 cloak (worn)
Jewellery
 d - an amulet of faith
 k - a +6 ring of intelligence (left hand)
 o - an amulet of guardian spirit
 D - an amulet of regeneration
 K - the amulet "Kousadwo" {Acrobat Rampage rN+ Dex+2}
   (You found it on level 7 of the Dungeon)

   [amulet of the acrobat]

   Acrobat:   It increases your evasion while moving and waiting.
   Dex+2:     It affects your dexterity (+2).
   rN+:       It protects you from negative energy.
   Rampage:   It bestows one free step when moving towards enemies.
Wands
 F - a wand of quicksilver (14)
Scrolls
 g - 6 scrolls of fog {unknown}
 h - 14 scrolls of identify {unknown}
 i - 3 scrolls of immolation
 m - a scroll of amnesia {unknown}
 n - 4 scrolls of teleportation {unknown}
 r - a scroll of summoning {unknown}
 s - 3 scrolls of revelation {unknown}
 t - 2 scrolls of poison
 w - 2 scrolls of blinking {unknown}
 G - a scroll of vulnerability {unknown}
 I - a scroll of silence {unknown}
 J - 2 scrolls of enchant armour {unknown}
Potions
 a - a potion of berserk rage {unknown}
 b - a potion of magic
 c - 5 potions of might
 e - 4 potions of curing
 j - a potion of resistance {unknown}
 q - a potion of cancellation {unknown}
 u - a potion of haste
 v - a potion of enlightenment {unknown}
 x - 2 potions of invisibility {unknown}
 z - 2 potions of lignification {unknown}
 B - 2 potions of heal wounds {unknown}


   Skills:
 + Level 6.1 Fighting
 + Level 6.4 Dodging
 - Level 3.1 Stealth
 + Level 6.5 Spellcasting
 + Level 8.6 Necromancy


You had 4 spell levels left.
You knew the following spells:

 Your Spells              Type           Power      Damage    Failure   Level
a - Necrotise             Necr           100%       1d9       1%          1
b - Vampiric Draining     Necr           52%        2d9       1%          3
c - Animate Dead          Necr           52%        N/A       2%          4
d - Curse of Agony        Necr           52%        N/A       8%          5
e - Dispel Undead         Necr           52%        3d19      2%          4

Your spell library contained the following spells:

 Spells                   Type           Power      Damage    Failure   Level
 Kiss of Death            Conj/Necr      100%       2d13      1%          1
 Cigotuvi's Dreadful Rot  Necr/Alch/Air  46%        N/A       4%          2
 Blink                    Tloc           16%        N/A       14%         2
 Jinxbite                 Hex            16%        N/A       14%         2
 Lesser Beckoning         Tloc           16%        N/A       14%         2
 Momentum Strike          Conj/Tloc      16%        3d8       14%         2
 Martyr's Knell           Necr/Summ      31%        N/A       16%         4
 Confusing Touch          Hex            8%         N/A       28%         3
 Inner Flame              Hex/Fire       8%         N/A       28%         3
 Volatile Blastmotes      Fire/Tloc      16%        2d11      28%         3
 Flame Wave               Conj/Fire      8%         2d5       67%         4
 Fulminant Prism          Conj/Alch      4%         3d5       67%         4
 Iskenderun's Mystic Bla  Conj/Tloc      8%         2d4       67%         4
 Sticky Flame             Fire/Alch      8%         2d4       67%         4
 Vhi's Electric Charge    Tloc/Air       16%        N/A       67%         4
 Death Channel            Necr           26%        N/A       38%         6
 Arcjolt                  Conj/Air       4%         1d14      95%         5
 Yara's Violent Unravell  Hex/Alch       4%         3d4       95%         5
 Plasma Beam              Fire/Air       4%         2x1d14    100%        6
 Enfeeble                 Hex            4%         N/A       100%        7
 Haunt                    Necr/Summ      15%        N/A       100%        7
 Borgnjor's Revivificati  Necr           26%        N/A       100%        8
 Death's Door             Necr           26%        N/A       100%        9


Dungeon Overview and Level Annotations

Branches:
Dungeon (7/15)             Temple (1/1) D:4         Ossuary (visited)

Altars:
Ashenzari
Cheibriados
Fedhas
Gozag
Hepliaklqana
Kikubaaqudgha
Makhleb
Okawaru
Qazlal
Vehumet
Wu Jian
Xom

Annotations:
Temple 4 transporters


Innate Abilities, Weirdness & Mutations

You have a pair of horns on your head.
You regenerate a little health from kills.


Message History

You hit the freezing wraith.
The freezing wraith is moderately damaged.
Your +2 spectral quarterstaff hits the freezing wraith.
The freezing wraith hits you but does no damage.
The freezing wraith closely misses you. The freezing wraith hits you!
The freezing wraith freezes you!
* * * LOW HITPOINT WARNING * * *
The freezing wraith hits you.
* * * LOW HITPOINT WARNING * * *
You feel better.
Your +2 spectral quarterstaff disappears.
The freezing wraith hits you but does no damage.
The freezing wraith hits you.
* * * LOW HITPOINT WARNING * * *
The freezing wraith drains your vigour!
You feel as though you will be slow longer.
The freezing wraith hits you but does no damage.
The freezing wraith misses you.
Okay, then.
It was a potion of haste.
You feel yourself speed up.
The freezing wraith closely misses you. x2
You feel better.
The freezing wraith hits you but does no damage.
The freezing wraith barely misses you.
You hit the freezing wraith.
The freezing wraith is heavily damaged.
Your +2 spectral quarterstaff hits the freezing wraith but does no damage.
The freezing wraith barely misses your +2 spectral quarterstaff.
The freezing wraith hits your +2 spectral quarterstaff!
Your spectral weapon shares its damage with you!
The freezing wraith drains your +2 spectral quarterstaff's vigour!
Your +2 spectral quarterstaff seems to slow down.
* * * LOW HITPOINT WARNING * * *
You hit the freezing wraith.
The freezing wraith is heavily damaged.
Your +2 spectral quarterstaff closely misses the freezing wraith.
The freezing wraith hits you!
* * * LOW HITPOINT WARNING * * *
The freezing wraith freezes you!
You die...

##........##.........##....#.....
........#####...#########.....##.
.#....### ###.#.####..###...##.
....### .#.#.##..# ###.... ..###
.##.##.#..# ####.. ###.####
.##.[.##...# #..### '.......
#.#..#..#.#.# #..' ###.#### .
##(W.##)#.# #### ..### .
##@##.##.# ###.. ....### ###.##
.# ###.... ......### #.###
.####...... ........###
#...#####........ ..........##
####.##...#.##.## .......##..#.#
##.#...##.#)[.# ........##.##.
#.##...##.#[#.# ............#.#
##.#.........#.# ##†.........##.
#.##.#.###.#)(..


You could see a freezing wraith and a friendly +2 spectral quarterstaff (slow).

Vanquished Creatures
  A boulder beetle (D:7)
  2 steam dragons (D:7)
  2 water moccasins
  A sky beast (D:7)
  An ice beast (D:7)
  A black bear (D:7)
  2 centaurs (D:7)
  2 ogres
  3 phantoms
  A kobold brigand (D:7)
  A weeping skull (Ossuary)
  An elf zombie (Ossuary)
  2 bullfrogs
  A gnoll sergeant (D:6)
  A wight (D:6)
  A burial acolyte (Ossuary)
  A howler monkey (D:6)
  A bombardier beetle (D:4)
  5 hounds
  3 jellies
  An orc priest (D:7)
  4 iguanas
  2 orc wizards
  4 mummies (Ossuary)
  Robin (D:3)
  3 gnolls (D:6)
  6 adders
  A shadow imp (D:6)
  A white imp (D:6)
  5 ufetubi
  A dart slug (D:1)
  15 orcs
  8 ball pythons
  An endoplasm (D:1)
  3 giant cockroaches
  3 gnoll zombies (Ossuary)
  12 goblins
  9 hobgoblins
  3 quokkas
  6 bats
  3 frilled lizards
  14 kobolds
  2 kobold zombies (Ossuary)
  2 orc zombies (Ossuary)
  2 rats
145 creatures vanquished.

Vanquished Creatures (collateral kills)
  2 gnolls (D:6)
  An ufetubus (D:5)
  2 goblins (D:3)
5 creatures vanquished.

Grand Total: 150 creatures vanquished

Notes
Turn   | Place    | Note
-------+----------+-------------------------------------------
     0 | D:1      | PaiMei the Demonspawn Necromancer began the quest for the
                  | Orb.
     0 | D:1      | Reached XP level 1. HP: 13/13 MP: 3/3
   376 | D:1      | Gained mutation: You regenerate a little health from kills.
                  | [demonic ancestry]
   376 | D:1      | Reached XP level 2. HP: 19/19 MP: 1/5
  1010 | D:2      | Found a faded altar of an unknown god.
  1176 | D:2      | Reached XP level 3. HP: 22/24 MP: 0/6
  1180 | D:2      | Learned a level 3 spell: Vampiric Draining
  2572 | D:3      | Reached XP level 4. HP: 30/30 MP: 5/7
  2599 | D:3      | Noticed Robin
  2604 | D:3      | Killed Robin
  3115 | D:3      | Found an ornate altar of the Wu Jian Council.
  3144 | D:3      | Reached skill level 5 in Necromancy
  3225 | D:3      | Found a burning altar of Makhleb.
  3390 | D:4      | Noticed a phantom
  3390 | D:4      | Noticed an ogre
  3522 | D:4      | Killed an ogre
  3523 | D:4      | Reached XP level 5. HP: 26/35 MP: 1/9
  3528 | D:4      | Identified the +4 leather armour of Tav Ari {rF+ rN+}
  3671 | D:4      | Found a sand-covered staircase.
  3676 | Ossuary  | Entered an ossuary
  3834 | Ossuary  | Reached skill level 1 in Fighting
  3848 | Ossuary  | Discovered your monstrous ancestry.
  3848 | Ossuary  | Gained mutation: You have a pair of small horns on your
                  | head. [demonic ancestry]
  3848 | Ossuary  | Reached XP level 6. HP: 24/43 MP: 4/11
  5019 | D:4      | Reached XP level 7. HP: 37/50 MP: 12/12
  5117 | D:4      | Reached skill level 6 in Necromancy
  5507 | D:4      | Found a staircase to the Ecumenical Temple.
  5513 | D:4      | Identified the +8 chain mail "Jaokaoc" {rElec Dex+3}
  5523 | Temple   | Found a transporter.
  5523 | Temple   | Found a transporter.
  5523 | Temple   | Found a transporter.
  5523 | Temple   | Found a transporter.
  5523 | Temple   | Entered the Ecumenical Temple
  5617 | D:5      | Entered Level 5 of the Dungeon
  6621 | D:5      | Found an ancient bone altar of Kikubaaqudgha.
  7307 | D:6      | Reached XP level 8. HP: 27/58 MP: 12/14
  7724 | D:6      | Reached skill level 7 in Necromancy
  7738 | D:6      | Reached skill level 5 in Spellcasting
  8136 | D:6      | Reached skill level 5 in Dodging
  8464 | D:6      | Learned a level 4 spell: Animate Dead
  8470 | D:6      | Learned a level 5 spell: Curse of Agony
  8475 | D:6      | Learned a level 4 spell: Dispel Undead
  8933 | D:7      | Reached skill level 5 in Fighting
  8933 | D:7      | Gained mutation: You have a pair of horns on your head.
                  | [demonic ancestry]
  8933 | D:7      | Reached XP level 9. HP: 54/68 MP: 0/17
  9165 | D:7      | Reached skill level 8 in Necromancy
 10316 | D:7      | Found a snail-covered altar of Cheibriados.
 10346 | D:7      | Found a hazy altar of Hepliaklqana.
 10390 | D:7      | Noticed a freezing wraith
 10769 | D:7      | Noticed a boulder beetle
 10783 | D:7      | Killed a boulder beetle
 10784 | D:7      | Identified the amulet "Kousadwo" {Acrobat Rampage rN+
                  | Dex+2}
 10791 | D:7      | Identified the +1 robe of Dice, Bag, and Bottle {rPois
                  | Stlth+}
 10956 | D:7      | Mangled by a freezing wraith

Illustrated notes

Levels and vault maps discovered:
D:1:      nzn_arrival_crosshair, layout_basic
D:2:      layout_loops_corners, hellmonk_ecumenical_altar_blasted
D:3:      layout_loops_ring, nicolae_overflow_two_pavilions,
          lightli_temple_of_fire, kennysheep_generic_room_14, uniq_robin
D:4:      layout_loops_cross, minmay_temple_entry_nine_rooms, enter_ossuary_2
D:5:      layout_rooms, general_overflow_altar
D:6:      layout_rooms
D:7:      minmay_the_grid_four_pointed_star
          [minmay_the_grid_triangle_9x9_tough_junction,
          minmay_the_grid_triangle_9x9_limited_checkers,
          minmay_the_grid_triangle_9x9_from_above,
          minmay_the_grid_triangle_9x9_thin_v,
          minmay_the_grid_prize_diamond_cup], layout_cave_pools,
          nzn_hepliaklqana_mist_gate, mainiacjoe_overflow_surrounded_room
Temple:   hellmonk_temple_divided_pantheon

Skill      XL: |  1  2  3  4  5  6  7  8  9 |
---------------+----------------------------+-----
Stealth        | 2 3 |  3.1
Dodging        | 2 3 4 5 6 |  6.4
Necromancy     | 5 6 7 8 |  8.6
Spellcasting   | 3 4 5 6 |  6.5
Fighting       | 1 2 3 5 6 |  6.1

Action                     |  1- 3 |  4- 6 |  7- 9 || total
---------------------------+-------+-------+-------++-------
  Melee: Unarmed           |     3 |       |       ||     3
         Spear             |     3 |   170 |   146 ||   319
         Punch             |       |     3 |     3 ||     6
         Headbutt          |       |    23 |    35 ||    58
         Flail             |       |       |    50 ||    50
         Quarterstaff      |       |       |    10 ||    10
   Cast: Necrotise         |    66 |    45 |    58 ||   169
         Vampiric Draining |       |     5 |    73 ||    78
         Curse of Agony    |       |       |     1 ||     1
    Use: Potion            |       |     4 |     3 ||     7
   Stab: Sleeping          |       |     2 |       ||     2
 Armour: Robe              |    10 |    11 |       ||    21
         Leather armour    |       |    77 |   304 ||   381
  Dodge: Dodged            |    15 |    74 |   351 ||   440
